 Dungeon Crawl Stone Soup version 0.27-a0-1324-ge0d8e047f6 (webtiles) character file.

Game seed: 14414657543840628292

1498 Alarak the Ducker (level 8, 0/60 HPs)
             Began as a Gnoll Monk on June 24, 2021.
             Was an Elder of Hepliaklqana.
             Succumbed to a hornet's poison
             ... on level 5 of the Dungeon.
             The game lasted 00:09:40 (5573 turns).

Alarak the Ducker (Gnoll Monk)                      Turns: 5573, Time: 00:09:40

Health: 0/60       AC: 12    Str: 12    XL:     8   Next: 81%
Magic:  13/13      EV:  4    Int: 10    God:    Hepliaklqana [****..]
Gold:   280        SH:  5    Dex: 15    Spells: 14/14 levels left

rFire    . . .     SeeInvis .   c - +2 dagger (venom)
rCold    . . .     Faith    .   J - +0 buckler
rNeg     . . .     Spirit   .   z - +0 plate armour
rPois    .         Reflect  .   (no helmet)
rElec    .         Harm     .   v - +0 cloak
rCorr    .         Rampage  .   (no gloves)
Will     .....                  (no boots)
Stlth    ..........             (no amulet)
HPRegen  0.20/turn              (no ring)
MPRegen  0.13/turn              (no ring)

@: lethally poisoned (0 -> -8), slowed, very slow
A: reduced essence, fangs 1, strong nose, distributed training
a: Renounce Religion, Recall Ancestor, Ancestor Identity, Transference, Idealise


You were on level 5 of the Dungeon.
You worshipped Hepliaklqana.
Hepliaklqana was greatly pleased with you.
You visited 1 branch of the dungeon, and saw 5 of its levels.

You collected 280 gold pieces.

Inventory:

Hand Weapons
 a - a +0 falchion
 c - a +2 dagger of venom (weapon)
 q - a +2 mace of protection
 D - a +3 vorpal flail
Missiles
 H - 4 boomerangs of dispersal (quivered)
Armour
 b - a +0 robe
 h - a +0 ring mail
 v - a +0 cloak (worn)
 w - a +0 chain mail
 z - a +0 plate armour (worn)
 J - a +0 buckler (worn)
Jewellery
 C - a +4 ring of protection
Wands
 r - a wand of polymorph (9)
Scrolls
 d - 2 scrolls of immolation {unknown}
 k - 4 scrolls of identify {unknown}
 l - a scroll of noise {unknown}
 n - 2 scrolls of enchant armour {unknown}
 u - 2 scrolls of fear {unknown}
 y - a scroll of enchant weapon {unknown}
 A - a scroll of acquirement {unknown}
 B - a scroll of vulnerability {unknown}
 E - a scroll of teleportation
 F - a scroll of fog {unknown}
 G - 2 scrolls of blinking {unknown}
 K - a scroll of summoning {unknown}
Potions
 e - a potion of heal wounds {unknown}
 f - a potion of magic {unknown}
 g - a potion of haste {unknown}
 i - 3 potions of lignification {unknown}
 j - a potion of ambrosia {unknown}
 m - 2 potions of flight {unknown}
 o - 2 potions of resistance {unknown}
 p - a potion of might {unknown}
 s - a potion of mutation {unknown}
 t - 2 potions of curing {unknown}
 x - 2 potions of berserk rage {unknown}
 I - a potion of cancellation {unknown}


   Skills:
 + Level 7.5 Fighting
 + Level 3.6 Short Blades
 + Level 7.5 Long Blades
 + Level 3.6 Axes
 + Level 3.6 Maces & Flails
 + Level 3.6 Polearms
 + Level 3.6 Staves
 + Level 3.6 Slings
 + Level 3.6 Bows
 + Level 3.6 Crossbows
 + Level 3.6 Throwing
 + Level 3.6 Armour
 + Level 7.5 Dodging
 + Level 5.6 Stealth
 + Level 3.6 Shields
 + Level 3.6 Unarmed Combat
 + Level 3.6 Spellcasting
 + Level 2.9 Conjurations
 + Level 2.9 Hexes
 + Level 2.9 Summonings
 + Level 2.9 Necromancy
 + Level 2.9 Translocations
 + Level 2.9 Transmutations
 + Level 2.9 Fire Magic
 + Level 2.9 Ice Magic
 + Level 2.9 Air Magic
 + Level 2.9 Earth Magic
 + Level 2.9 Poison Magic
 + Level 4.0 Invocations
 + Level 3.6 Evocations


You had 14 spell levels left.
You didn't know any spells.
Your spell library was empty.

Dungeon Overview and Level Annotations

Branches:
Dungeon (5/15)             Temple (0/1) D:4

Altars:
Fedhas
Gozag
Hepliaklqana
Nemelex Xobeh
Qazlal
Wu Jian
Yredelemnul

Shops:
D:2 ::


Innate Abilities, Weirdness & Mutations

Your life essence is reduced to manifest your ancestor. (-10% HP)
You have very sharp teeth.
Your uncanny sense of smell can sniff out nearby items.
Your experience applies equally to all skills.


Message History

You feel yourself slow down.
You closely miss the hornet.
You feel very sick. You block the hornet's attack.
The hornet stings you but does no damage.
You closely miss the hornet.
You feel sick. The hornet barely misses you.
The hornet stings you but does no damage.
You miss the hornet.
You feel sick. The hornet barely misses you. The hornet stings you!
You feel as though you will be slow longer.
You closely miss the hornet.
You feel sick. You block the hornet's attack.
The hornet stings you but does no damage.
You hit the hornet.
The hornet is lightly wounded.
You feel sick. The hornet stings you.
You feel as though you will be slow longer.
You hit the hornet.
The hornet is poisoned.
The hornet is lightly wounded.
You feel sick.
You are no longer poisoned.
The hornet stings you!
You are poisoned.
You suddenly lose the ability to move!
The hornet stings you!
* * * LOW HITPOINT WARNING * * *
You feel as though you will be slow longer.
Iltani gestures at the hornet while chanting.
The puff of frost hits the hornet!
The hornet stings you.
* * * LOW HITPOINT WARNING * * *
You feel as though you will be slow longer.
You can move again.
You closely miss the hornet.
The hornet is heavily wounded.
* * * LOW HITPOINT WARNING * * *
You feel very sick. The hornet stings you.
* * * LOW HITPOINT WARNING * * *
You feel as though you will be slow longer.
You hit the hornet but do no damage.
The hornet looks as sick as possible!
The hornet is severely wounded.
You die...

# #.. #..# #..
#..# #.. #..# #..
#..# #.. #..# #..
#.. #(# #y# #.#
#@# #.# #R# #.#
#.# #.#
#.##############.#
#................#
##################


You could see the friendly Iltani the battlemage and a hornet (extremely
poisoned, ally target).

Vanquished Creatures
  Edmund (D:4)
  A water moccasin (D:5)
  A black bear (D:3)
  A phantom (D:5)
  A scorpion (D:4)
  A water moccasin zombie (D:5)
  A water moccasin skeleton (D:3)
  A wyvern skeleton (D:5)
  3 hounds
  An orc priest (D:4)
  Jessica (D:2)
  Terence (D:2)
  Natasha (twice) (D:2)
  An iguana (D:5)
  An adder (D:5)
  A gnoll (D:5)
  9 orcs
  10 bats
  4 endoplasms
  2 giant cockroaches
  8 goblins
  6 hobgoblins
  2 jackals (D:3)
  3 quokkas
  6 ball pythons
  5 frilled lizards
  6 kobolds
  2 rats (D:2)
82 creatures vanquished.

Vanquished Creatures (collateral kills)
  A black bear (D:5)
  A scorpion (D:5)
  A water moccasin skeleton (D:5)
  A bullfrog skeleton (D:5)
  2 orc priests (D:3)
  2 hounds
  An orc wizard (D:5)
  Natasha (D:2)
  A hound skeleton (D:4)
  2 gnolls (D:5)
  6 adders
  An ufetubus (D:5)
  2 worms
  A dart slug (D:3)
  16 orcs
  A ball python (D:3)
  2 endoplasms (D:2)
  A giant cockroach (D:3)
  A goblin (D:2)
  4 hobgoblins
  2 jackals (D:3)
  3 quokkas
  2 kobolds
  A rat (D:3)
56 creatures vanquished.

Vanquished Creatures (others)
  A plant (D:5)
1 creature vanquished.

Grand Total: 139 creatures vanquished

Notes
Turn   | Place    | Note
-------+----------+-------------------------------------------
     0 | D:1      | Alarak the Gnoll Monk began the quest for the Orb.
     0 | D:1      | Reached XP level 1. HP: 23/23 MP: 1/1
    78 | D:1      | Reached XP level 2. HP: 28/29 MP: 2/2
   635 | D:1      | Reached XP level 3. HP: 35/35 MP: 3/3
   936 | D:1      | Found a faded altar of an unknown god.
   958 | D:1      | Became a worshipper of Hepliaklqana the Forgotten
   958 | D:1      | Reached * piety under Hepliaklqana
   958 | D:1      | Reached ** piety under Hepliaklqana
   959 | D:1      | Remembered your ancestor Iltani as a battlemage
  1055 | D:2      | Reached skill level 1 in Invocations
  1146 | D:2      | Found Doikorei's Book Shoppe.
  1264 | D:2      | Found Coiriyd's Book Boutique.
  1273 | D:2      | Noticed Jessica
  1280 | D:2      | Killed Jessica
  1281 | D:2      | Reached skill level 1 in Short Blades
  1281 | D:2      | Reached skill level 1 in Axes
  1281 | D:2      | Reached skill level 1 in Maces & Flails
  1281 | D:2      | Reached skill level 1 in Polearms
  1281 | D:2      | Reached skill level 1 in Staves
  1281 | D:2      | Reached skill level 1 in Slings
  1281 | D:2      | Reached skill level 1 in Bows
  1281 | D:2      | Reached skill level 1 in Crossbows
  1281 | D:2      | Reached skill level 1 in Throwing
  1281 | D:2      | Reached skill level 1 in Armour
  1281 | D:2      | Reached skill level 1 in Shields
  1281 | D:2      | Reached skill level 1 in Unarmed Combat
  1281 | D:2      | Reached skill level 1 in Spellcasting
  1281 | D:2      | Reached skill level 1 in Evocations
  1281 | D:2      | Reached XP level 4. HP: 36/36 MP: 5/5
  1291 | D:2      | Noticed Terence
  1298 | D:2      | Killed Terence
  1299 | D:2      | Reached skill level 1 in Conjurations
  1299 | D:2      | Reached skill level 1 in Hexes
  1299 | D:2      | Reached skill level 1 in Summonings
  1299 | D:2      | Reached skill level 1 in Necromancy
  1299 | D:2      | Reached skill level 1 in Translocations
  1299 | D:2      | Reached skill level 1 in Transmutations
  1299 | D:2      | Reached skill level 1 in Fire Magic
  1299 | D:2      | Reached skill level 1 in Ice Magic
  1299 | D:2      | Reached skill level 1 in Air Magic
  1299 | D:2      | Reached skill level 1 in Earth Magic
  1299 | D:2      | Reached skill level 1 in Poison Magic
  1364 | D:2      | Reached *** piety under Hepliaklqana
  1789 | D:2      | Noticed Natasha
  1795 | D:2      | Killed Natasha
  1796 | D:2      | Reached XP level 5. HP: 42/42 MP: 5/7
  1997 | D:2      | Noticed Natasha
  2009 | D:2      | Killed Natasha
  2259 | D:2      | Noticed Natasha
  2266 | D:2      | Killed Natasha
  2417 | D:3      | Found an opulent altar of Gozag.
  2478 | D:3      | Found a stormy altar of Qazlal.
  2480 | D:3      | Found a blossoming altar of Fedhas.
  2500 | D:3      | Found an ornate altar of the Wu Jian Council.
  2503 | D:3      | Found a sparkling altar of Nemelex Xobeh.
  2556 | D:3      | Reached XP level 6. HP: 46/47 MP: 8/8
  2988 | D:3      | Found a basalt altar of Yredelemnul.
  2991 | D:3      | Noticed a black bear
  3005 | D:3      | Found a transporter.
  3019 | D:3      | Found a transporter.
  3366 | D:3      | Killed a black bear
  3367 | D:3      | Reached XP level 7. HP: 45/54 MP: 10/10
  3773 | D:4      | Reached skill level 5 in Stealth
  4050 | D:4      | Noticed Edmund
  4059 | D:4      | Killed Edmund
  4060 | D:4      | Reached XP level 8. HP: 47/60 MP: 10/12
  4128 | D:4      | Reached **** piety under Hepliaklqana
  4246 | D:4      | Found a staircase to the Ecumenical Temple.
  4293 | D:5      | Entered Level 5 of the Dungeon
  4311 | D:5      | HP: 1/60 [orc (4)]
  4635 | D:5      | Found a hazy altar of Hepliaklqana.
  5563 | D:5      | Noticed a hornet
  5571 | D:5      | Paralysed by a hornet for 1 turns
  5572 | D:5      | HP: 3/60 [hornet (5)]
  5573 | D:5      | Succumbed to a hornet's poison

Illustrated notes

Levels and vault maps discovered:
D:1:      psy_arrival_radial01, layout_rooms,
          hellmonk_ecumenical_altar_inner_sanctum
D:2:      layout_basic, serial_shops, shop_fountains, shop, st_stairs_10,
          chequers_serial_rivers_marsh, grunt_ministairs_15,
          kennysheep_nondescript, minmay_between, uniq_natasha, uniq_jessica,
          uniq_terence
D:3:      layout_basic, minmay_overflow_temple_star_hex,
          gammafunk_temple_overflow_arena
D:4:      layout_cave_pools, minmay_temple_entry_hall,
          chequers_serial_rivers_micro_b, uniq_edmund
D:5:      minmay_bubble_buster, layout_basic, nicolae_overflow_crystal_walls,
          tgw_trog, grunt_ministairs_10, serial_bayou_lake_a

Skill      XL: |  1  2  3  4  5  6  7  8 |
---------------+-------------------------+-----
Invocations    | 1 2 3 4 |  4.0
Short Blades   | 1 2 3 |  3.6
Axes           | 1 2 3 |  3.6
Maces & Flails | 1 2 3 |  3.6
Polearms       | 1 2 3 |  3.6
Staves         | 1 2 3 |  3.6
Slings         | 1 2 3 |  3.6
Bows           | 1 2 3 |  3.6
Crossbows      | 1 2 3 |  3.6
Throwing       | 1 2 3 |  3.6
Armour         | 1 2 3 |  3.6
Shields        | 1 2 3 |  3.6
Unarmed Combat | 1 2 3 |  3.6
Spellcasting   | 1 2 3 |  3.6
Evocations     | 1 2 3 |  3.6
Conjurations   | 1 2 |  2.9
Hexes          | 1 2 |  2.9
Summonings     | 1 2 |  2.9
Necromancy     | 1 2 |  2.9
Translocations | 1 2 |  2.9
Transmutations | 1 2 |  2.9
Fire Magic     | 1 2 |  2.9
Ice Magic      | 1 2 |  2.9
Air Magic      | 1 2 |  2.9
Earth Magic    | 1 2 |  2.9
Poison Magic   | 1 2 |  2.9
Fighting       | 7 |  7.5
Long Blades    | 7 |  7.5
Dodging        | 7 |  7.5
Stealth        | 5 |  5.6

Action                   |  1- 3 |  4- 6 |  7- 9 || total
-------------------------+-------+-------+-------++-------
Melee: Falchion          |    41 |       |       ||    41
       Bite              |     6 |     9 |    24 ||    39
       Dagger            |    32 |    85 |   167 ||   284
       Punch             |       |       |     1 ||     1
Invok: Ancestor Life: Ba |     1 |       |       ||     1
  Use: Scroll            |     1 |       |       ||     1
 Stab: Sleeping          |     7 |     6 |       ||    13
       Distracted        |     1 |       |     3 ||     4
Armor: Robe              |    13 |       |       ||    13
       Ring mail         |     5 |    10 |       ||    15
       Chain mail        |       |    14 |    23 ||    37
       Plate armour      |       |       |    96 ||    96
Dodge: Dodged            |    82 |    56 |    40 ||   178
Block: Buckler           |       |       |     7 ||     7
       Rpst.: Falchion   |    18 |       |       ||    18

Table legend: (Time is in decaauts)
 A = Elapsed time spent in this place.
 B = Non-inter-level travel time spent in this place.
 C = Inter-level travel time spent in this place.
 D = Time resting spent in this place.
 E = Time spent auto-exploring this place.
 F = Levels seen in this place.
 G = Mean time per level.
                   A        B        C        D        E       F      G
               +--------+--------+--------+--------+--------+-----+--------+
         Total |   5560 |   4986 |    574 |    576 |   3633 |   5 | 1112.0 |
       Dungeon |   5560 |   4986 |    574 |    576 |   3633 |   5 | 1112.0 |
               +--------+--------+--------+--------+--------+-----+--------+

Top non-repeatable levels by time:
     D:2: 1287 daAuts
     D:5: 1278 daAuts
     D:1: 1089 daAuts
     D:3: 1083 daAuts
     D:4: 822 daAuts
